 Dungeon Crawl Stone Soup version 0.26.1-12-g5ba1501909 (webtiles) character file.

Game seed: 12353493466173283407

279 Zeld the Sneak (level 6, 0/42 HPs)
             Began as an Octopode Brigand on Oct 28, 2021.
             Slain by an orc warrior
             ... wielding a +0 glaive
              (24 damage)
             ... on level 3 of the Dungeon.
             The game lasted 00:02:24 (3359 turns).

Zeld the Sneak (Octopode Brigand)                   Turns: 3359, Time: 00:02:24

Health: 0/42       AC:  1    Str: 10    XL:     6   Next: 26%
Magic:  2/2        EV: 14    Int: 14    God:
Gold:   92         SH:  0    Dex: 15    Spells: 5/5 levels left

rFire    . . .     SeeInvis .   b - +2 dagger (antimagic)
rCold    . . .     Faith    .   (no shield)
rNeg     . . .     Spirit   .   (helmet restricted)
rPois    .         Reflect  .   (no amulet)
rElec    .         Harm     .   (no ring)
rCorr    .         Rampage  .   (no ring)
Will     .....                  (no ring)
Stlth    ++++......             (no ring)
HPRegen  0.14/turn              (no ring)
MPRegen  0.08/turn              (no ring)
                                (no ring)
                                (no ring)

@: no status effects
A: almost no armour, stealthy swim, amphibious, 8 rings, constrict 8, camouflage
1, gelatinous body 1
a: no special abilities


You were on level 3 of the Dungeon.
You visited 1 branch of the dungeon, and saw 3 of its levels.

You collected 92 gold pieces.

Inventory:

Hand Weapons
 a - a +2 dagger
 b - a +2 antimagic dagger (weapon)
Missiles
 c - 2 curare-tipped darts
 w - 8 poisoned darts
Jewellery
 n - an uncursed ring of wizardry {unknown}
 r - an uncursed ring of protection from cold {unknown}
Wands
 v - a wand of polymorph (8)
Scrolls
 d - 2 scrolls of magic mapping {unknown}
 e - a scroll of immolation {unknown}
 f - a scroll of enchant weapon {unknown}
 h - a scroll of fear {unknown}
 j - a scroll of identify {unknown}
 k - a scroll of enchant armour {unknown}
 o - a scroll of blinking {unknown}
 u - 2 scrolls of teleportation {unknown}
Potions
 g - 2 potions of cancellation {unknown}
 i - 2 potions of attraction {unknown}
 l - a potion of might {unknown}
 m - a potion of degeneration {unknown}
 p - a potion of curing
 q - a potion of ambrosia {unknown}
 s - a potion of heal wounds {unknown}
 t - a potion of haste {unknown}


   Skills:
 * Level 3.5 Fighting
 * Level 3.6 Short Blades
 * Level 3.5 Throwing
 + Level 2.1 Dodging
 + Level 6.0 Stealth


You had 5 spell levels left.
You didn't know any spells.
Your spell library was empty.

Dungeon Overview and Level Annotations

Branches:
Dungeon (3/15)

Altars:


Innate Abilities, Weirdness & Mutations

You cannot wear most types of armour.
You are very stealthy in the water. (Stealth+)
You are amphibious.
You can wear up to eight rings at the same time.
You can use your tentacles to constrict eight enemies at once.
Your skin changes colour to match your surroundings (Stealth+).
Your rubbery body absorbs attacks. (AC +1, EV +1)


Message History

You start waiting.
Done waiting.
You climb downwards.
There is a stone staircase leading up, spattered with blood here.
The orc warrior misses you.
You hit the orc warrior. You grab the orc warrior.
You squeeze the orc warrior, but do no damage.
The orc warrior is lightly wounded.
You constrict the orc warrior, but do no damage.
You hit the orc warrior but do no damage.
You squeeze the orc warrior, but do no damage.
The orc warrior is lightly wounded.
You constrict the orc warrior, but do no damage.
The orc warrior hits you with a +0 glaive!!
You hit the orc warrior but do no damage.
The orc warrior is lightly wounded.
You constrict the orc warrior, but do no damage.
The orc warrior hits you with a +0 glaive!!
Ouch! That really hurt!
You die...

#.##.###...#
.........)##
####.###..#####..
#. #......... #.
##.####.#. #. #.#
#. #. ###.###....
#.#####..........
#..<.@o.).###...#
#.......### ##
##.###### #.# #.#
#.# #.. ###


You could see an orc warrior.

Vanquished Creatures
  Sigmund (D:2)
  An orc priest (D:2)
  5 adders
  A dart slug (D:1)
  An orc (D:3)
  A ball python (D:1)
  6 bats
  A giant cockroach (D:1)
  2 goblins (D:2)
  4 hobgoblins
  3 jackals (D:1)
  A frilled lizard (D:2)
  4 kobolds
  6 rats
37 creatures vanquished.

Notes
Turn   | Place    | Note
-------+----------+-------------------------------------------
     0 | D:1      | Zeld the Octopode Brigand began the quest for the Orb.
     0 | D:1      | Reached XP level 1. HP: 14/14 MP: 1/1
   408 | D:1      | Reached XP level 2. HP: 19/19 MP: 2/2
  1060 | D:2      | Reached XP level 3. HP: 25/25 MP: 3/3
  1188 | D:2      | Reached XP level 4. HP: 22/30 MP: 4/4
  1448 | D:2      | Noticed Sigmund
  2119 | D:2      | Killed Sigmund
  2120 | D:2      | Reached skill level 6 in Stealth
  2120 | D:2      | Reached XP level 5. HP: 22/36 MP: 5/5
  2120 | D:2      | Reached XP level 6. HP: 26/42 MP: 6/6
  2537 | D:3      | Noticed an orc warrior
  3359 | D:3      | Slain by an orc warrior

Illustrated notes

Levels and vault maps discovered:
D:1:      lightli_arrival_farm, layout_basic
D:2:      layout_loops_ring, uniq_sigmund
D:3:      layout_loops_ring, minmay_checkerbox, uniq_crazy_yiuf_cottage,
          uniq_jessica, uniq_robin

Skill      XL: |  1  2  3  4 |
---------------+-------------+-----
Fighting       | 3 |  3.5
Short Blades   | 3 |  3.6
Throwing       | 3 |  3.5
Dodging        | 2 |  2.1
Stealth        | 6 |  6.0

Action                   |  1- 3 |  4- 6 || total
-------------------------+-------+-------++-------
Melee: Dagger            |    44 |    52 ||    96
       Constrict         |    14 |     6 ||    20
       Tentacles         |    10 |     7 ||    17
 Stab: Sleeping          |     9 |     3 ||    12
Armor: Skin              |     1 |    25 ||    26
Dodge: Dodged            |    26 |    31 ||    57
